 Dungeon Crawl Stone Soup version 0.28.0-62-gf88900778d (webtiles) character file.

Game seed: 9187946950072152012

3696 Coron the Cleaver (level 9, -2/81 HPs)
             Began as a Deep Dwarf Delver on Mar 31, 2023.
             Was a Priest of Trog.
             Slain by an orc priest
             ... wielding a +4 mace
              (5 damage)
             ... on level 8 of the Dungeon.
             The game lasted 00:22:07 (5773 turns).

Coron the Cleaver (Deep Dwarf Delver)               Turns: 5773, Time: 00:22:07

Health: -2/81      AC: 13    Str: 21    XL:     9   Next: 90%
Magic:  4/4        EV:  9    Int: 10    God:    Trog [***...]
Gold:   690        SH:  0    Dex: 14    Spells: 8/8 levels left

rFire   . . .      SeeInvis .   r - +0 war axe
rCold   . . .      Faith    .   (no shield)
rNeg    . . .      Spirit   .   y - +0 chain mail
rPois   .          Reflect  .   (no helmet)
rElec   .          Harm     .   F - +0 cloak {rCorr}
rCorr   +          Rampage  .   l - +0 pair of gloves
Will    +....                   (no boots)
Stlth   ..........              (no amulet)
HPRegen 0.00/turn               k - ring of resist corrosion
MPRegen 0.09/turn               (no ring)

@: on berserk cooldown, slowed, very slow
A: damage resistance, heal wounds, sense surroundings 2, no regeneration
a: Heal Wounds, Renounce Religion, Berserk, Trog's Hand


You were on level 8 of the Dungeon.
You worshipped Trog.
Trog was most pleased with you.
You visited 2 branches of the dungeon, and saw 9 of its levels.

You collected 690 gold pieces.

Inventory:

Hand Weapons
 a - a +0 hand axe
 i - a +1 hunting sling of freezing
 q - a +0 broad axe
 r - a +0 war axe (weapon)
Missiles
 e - 199 stones
 h - 13 poisoned darts
 o - 107 sling bullets
 E - 3 throwing nets
Armour
 l - a +0 pair of gloves (worn)
 s - a +0 plate armour
 y - a +0 chain mail (worn)
 F - a +0 cloak of preservation (worn)
Jewellery
 k - a ring of resist corrosion (left hand)
Wands
 g - a wand of digging (12)
 x - a wand of paralysis (9)
 A - a wand of iceblast (15)
Scrolls
 b - a scroll of silence {unknown}
 c - a scroll of fog
 n - a scroll of torment {unknown}
 p - 2 scrolls of fear
 u - 3 scrolls of teleportation
 v - 2 scrolls of immolation
 w - a scroll of enchant armour {unknown}
 G - a scroll of noise {unknown}
 H - a scroll of identify
Potions
 d - 5 potions of curing
 f - 3 potions of haste
 j - a potion of heal wounds
 m - 2 potions of magic {unknown}
 t - a potion of might {unknown}
 z - a potion of mutation {unknown}
 B - 3 potions of lignification {unknown}
 C - a potion of flight {unknown}
 D - 2 potions of attraction {unknown}


   Skills:
 - Level 5.0 Fighting
 + Level 11.8 Axes
 - Level 8.0 Armour
 - Level 3.0 Dodging
 - Level 6.4 Stealth
 - Level 3.0 Evocations


You had 8 spell levels left.
You didn't know any spells.
Your spell library was empty.

Dungeon Overview and Level Annotations

Branches:
Dungeon (8/15)             Temple (1/1) D:5
   Lair: D:8-11

Altars:
Ashenzari
Cheibriados
Dithmenos
Elyvilon
Fedhas
Gozag
Hepliaklqana
Kikubaaqudgha
Makhleb
Nemelex Xobeh
Okawaru
Qazlal
Ru
Sif Muna
Trog
Uskayaw
Vehumet
Wu Jian
Xom
Yredelemnul
Zin
The Shining One

Annotations:
D:5 3 runed translucent doors, safid's ghost, novice HOFi


Innate Abilities, Weirdness & Mutations

You are resistant to damage.
You can heal yourself by infusing magical energy.
You passively map the area around you.
You do not regenerate.


Message History

The shadow closely misses you.
You barely miss the orc priest.
The orc priest is almost dead.
You slash the bullfrog! You completely miss the shadow.
The bullfrog hits you but does no damage.
The orc priest hits you but does no damage.
The shadow slips into darkness.
The shadow flickers and vanishes!
Deactivating autopickup; reactivate with Ctrl-A.
The bullfrog barely misses you.
You hit the orc priest but do no damage.
The orc priest is almost dead.
You slash something! You hit the bullfrog. The bullfrog misses you.
The orc priest hits you with a +4 mace.
The shadow strikes at you from the darkness!
* * * LOW HITPOINT WARNING * * *
Reactivating autopickup.
The bullfrog hits you but does no damage.
The orc priest barely misses you.
You barely miss the orc priest.
The orc priest is almost dead.
You slash the bullfrog!
You kill the bullfrog!
Trog accepts your kill.
You hit the shadow but do no damage. The shadow hits you.
* * * LOW HITPOINT WARNING * * *
The orc priest hits you with a +4 mace.
* * * LOW HITPOINT WARNING * * *
The shadow closely misses you.
You barely miss the orc priest.
The orc priest is almost dead.
You closely miss the shadow.
The orc priest miscasts a cantrip.
The shadow hits you!
* * * LOW HITPOINT WARNING * * *
Unknown command.
You fail to use your ability.
The orc priest looks satisfied for a moment.
The shadow hits you. The orc priest hits you with a +4 mace.
You die...

** 8 ,, * *
#...., *8 *
.... ,** *
... **+* ..#
, * , ..# * *
##..# *,
#####o..# *,
* , #...@W..#
*
#<..))..##,,
*
#...))...####
*
#............
,
#############
* * * * , *


You could see a shadow and an orc priest.

Vanquished Creatures
  Harold (D:7)
  Erica (D:8)
  Pikel (D:5)
  Joseph (D:7)
  Prince Ribbit (D:7)
  A water moccasin (D:7)
  A hornet zombie (D:6)
  A necrophage (D:5)
  A black bear (D:5)
  2 sky beasts
  An ogre (D:6)
  2 lemures (D:5)
  2 bullfrogs
  5 scorpions
  A jelly (D:4)
  3 wights (D:6)
  A howler monkey (D:4)
  A centaur zombie (D:7)
  2 bullfrog zombies
  A hound (D:6)
  4 orc priests
  A centaur skeleton (D:6)
  2 iguanas
  2 orc wizards
  A killer bee zombie (D:6)
  2 hound zombies
  A hound skeleton (D:4)
  3 adders
  A shadow imp (D:5)
  An ufetubus (D:6)
  4 worms
  2 dart slugs
  24 orcs
  4 bats
  7 endoplasms
  4 giant cockroaches
  10 hobgoblins
  4 jackals (D:4)
  7 quokkas
  12 ball pythons
  6 frilled lizards
  7 goblins
  10 kobolds
  3 rats
152 creatures vanquished.

Notes
Turn   | Place    | Note
-------+----------+-------------------------------------------
     0 | D:5      | Coron the Deep Dwarf Delver began the quest for the Orb.
     0 | D:5      | Reached XP level 1. HP: 20/20 MP: 1/1
    16 | D:5      | Noticed a lemure
    16 | D:5      | Noticed a lemure
    17 | D:5      | Found a staircase to the Ecumenical Temple.
    17 | D:5      | Noticed a lemure
    17 | D:5      | Noticed Pikel
    17 | D:5      | Noticed a lemure
    45 | D:5      | Noticed a necrophage
    75 | Temple   | Entered the Ecumenical Temple
   419 | Temple   | Became a worshipper of Trog the Wrathful
   528 | D:3      | Reached XP level 2. HP: 10/27 MP: 1/1
   874 | D:1      | Reached XP level 3. HP: 23/34 MP: 1/1
   907 | D:1      | Reached * piety under Trog
  1450 | D:1      | Reached skill level 3 in Axes
  1867 | D:2      | Reached XP level 4. HP: 24/42 MP: 2/2
  2070 | D:2      | Reached ** piety under Trog
  2071 | D:2      | Reached skill level 1 in Armour
  2808 | D:4      | Noticed a black bear
  2956 | D:4      | Noticed a scorpion
  2962 | D:4      | Killed a scorpion
  2963 | D:4      | Reached XP level 5. HP: 50/50 MP: 1/1
  3101 | D:4      | Reached skill level 4 in Axes
  3124 | D:4      | Reached XP level 6. HP: 44/57 MP: 2/2
  3547 | D:5      | Reached skill level 5 in Axes
  3547 | D:5      | Reached XP level 7. HP: 62/64 MP: 3/3
  3607 | D:5      | Reached skill level 5 in Armour
  3684 | D:5      | Reached *** piety under Trog
  3823 | D:5      | Found an ornate altar of the Wu Jian Council.
  3829 | D:5      | Noticed a spectral centipede
  3829 | D:5      | Noticed a spectral black mamba
  3829 | D:5      | Noticed a spectral cane toad
  3846 | D:5      | Found a runed translucent gate.
  3846 | D:5      | Found a runed translucent gate.
  3847 | D:5      | Found a runed translucent gate.
  3850 | D:5      | Noticed safid's ghost (novice HOFi)
  3988 | D:5      | Killed Pikel
  3989 | D:5      | Reached skill level 6 in Axes
  3989 | D:5      | Reached skill level 7 in Axes
  3989 | D:5      | Reached skill level 5 in Fighting
  3989 | D:5      | Reached XP level 8. HP: 50/74 MP: 4/4
  4091 | D:5      | Reached skill level 1 in Evocations
  5102 | D:7      | Noticed Harold
  5121 | D:7      | Killed Harold
  5122 | D:7      | Reached skill level 8 in Axes
  5122 | D:7      | Gained mutation: You passively map the area around you.
                  | [Deep Dwarf growth]
  5122 | D:7      | Reached XP level 9. HP: 41/81 MP: 5/5
  5154 | D:7      | Reached skill level 9 in Axes
  5252 | D:7      | Found a sacrificial altar of Ru.
  5252 | D:7      | Noticed Joseph
  5269 | D:7      | Killed Joseph
  5270 | D:7      | Reached skill level 10 in Axes
  5273 | D:7      | Found a stormy altar of Qazlal.
  5300 | D:7      | Found a broken altar of Ashenzari.
  5436 | D:7      | Noticed Prince Ribbit
  5445 | D:7      | Killed Prince Ribbit
  5446 | D:7      | Reached skill level 11 in Axes
  5736 | D:8      | Noticed Erica
  5755 | D:8      | Killed Erica
  5772 | D:8      | HP: 3/81 [shadow (8)]
  5773 | D:8      | Slain by an orc priest

Illustrated notes

Levels and vault maps discovered:
D:1:      elethiomel_arrival_quiet, layout_basic, minmay_hexomino_c4
D:2:      layout_rooms, roderic_filled_cross, nicolae_wormholes
D:3:      layout_basic
D:4:      minmay_polygon_palace, layout_gridville, gammafunk_ghost_split
D:5:      layout_basic, pdpol_wu_jian_five_deadly_venoms, temple_fountains,
          portal_sewer_entry_d, gammafunk_ghost_necromancy, uniq_pikel
D:6:      layout_cave_pods
D:7:      layout_basic, grunt_temple_overflow_open, uniq_prince_ribbit1,
          uniq_harold, uniq_joseph
D:8:      layout_rooms, enter_bailey_2, minmay_hollow_rounded_squares,
          uniq_erica, uniq_grum, uniq_gastronok
Temple:   dpeg_five_rooms_temple

Skill      XL: |  1  2  3  4  5  6  7  8  9 |
---------------+----------------------------+-----
Fighting       | 3 4 5 |  5.0
Dodging        | 3 |  3.0
Axes           | 3 4 5 7 8 11 | 11.8
Armour         | 2 3 4 6 8 |  8.0
Evocations     | 3 |  3.0
Stealth        | |  6.4

Action                   |  1- 3 |  4- 6 |  7- 9 || total
-------------------------+-------+-------+-------++-------
Melee: Hand axe          |   125 |    12 |       ||   137
       Punch             |     1 |     1 |     2 ||     4
       War axe           |       |    89 |   231 ||   320
 Fire: Hunting sling     |    26 |    33 |    15 ||    74
Invok: Berserk           |       |     2 |     9 ||    11
       Trog's Hand       |       |       |     5 ||     5
 Abil: Heal Wounds       |     2 |     3 |     6 ||    11
Evoke: Wand              |       |       |     5 ||     5
  Use: Scroll            |     2 |     1 |     3 ||     6
       Potion            |       |       |     4 ||     4
 Stab: Sleeping          |     8 |     4 |     1 ||    13
       Distracted        |     2 |       |       ||     2
       Paralysed         |       |       |     4 ||     4
Armor: Leather armour    |    36 |    26 |       ||    62
       Scale mail        |       |     4 |    40 ||    44
       Chain mail        |       |       |    62 ||    62
Dodge: Dodged            |   105 |    72 |   131 ||   308
